 Dungeon Sprint DCSS version 0.21-a0-426-g98080a9 (webtiles) character file.

7084 Kidiri the Martial Artist (level 10, -1/91 HPs)
             Began as a White Draconian Transmuter on Nov 5, 2017.
             Was the Champion of Wu Jian.
             Succumbed to a redback's poison
             ... in the Dungeon (Sprint III: "The Ten Rune Challenge").
             The game lasted 00:19:43 (3456 turns).

Kidiri the Martial Artist (DrTm)                    Turns: 3456, Time: 00:19:44

Health: -1/91      AC:  7    Str: 13    XL:     10   Next: 84%
Magic:  16/19      EV: 19    Int: 15    God:    Wu Jian [******]
Gold:   28         SH:  0    Dex: 15    Spells: 2/24 levels left

rFire    . . .     SeeInvis .     - Unarmed
rCold    + . .     Gourm    .   (shield currently unavailable)
rNeg     . . .     Faith    .   (armour unavailable)
rPois    .         Spirit   .   (helmet restricted)
rElec    .         Reflect  .   (no cloak)
rCorr    .         Harm     .   (gloves currently unavailable)
MR       .....     NoTele   +   (no boots)
Stlth    ++++......             (no amulet)
HPRegen  0.25/turn              (no ring)
MPRegen  0.16/turn              (no ring)

@: lethally poisoned (-1 -> -67), blade hands (expiring)
A: breathe frost, unfitting armour, agile 1, blink, cold resistance 1, low mp 1,
cold-blooded, AC +7
a: Breathe Frost, End Transformation, Blink, Serpent's Lash, Heavenly Storm,
Renounce Religion


You were in the Dungeon.
You worshipped Wu Jian.
Wu Jian was exalted by your worship.
You were not hungry.
You had blades for hands.
You visited 1 branch You collected 28 gold pieces.

Inventory:

Hand Weapons
 b - a +0 giant club
 e - a +0 giant club
 j - a +0 giant spiked club
Missiles
 a - 7 arrows
 k - 7 throwing nets (quivered)
Armour
 c - a +0 robe
Scrolls
 m - 2 scrolls of torment
 q - a scroll of remove curse
Potions
 f - a potion of haste
 g - a potion of magic
 l - 2 potions of mutation
 p - a potion of flight
Books
 h - a book of Cantrips

   Spells                             Type                      Level
   a - Confusing Touch                Hexes                        1
   b - Animate Skeleton               Necromancy                   1
   c - Summon Small Mammal            Summoning                    1
   d - Apportation                    Translocation                1
 v - a book of Misfortune

   Spells                             Type                      Level
   a - Confusing Touch                Hexes                        1
   b - Confuse                        Hexes                        3
   c - Gell's Gravitas                Translocation                3
   d - Petrify                        Transmutation/Earth          4
   e - Metabolic Englaciation         Hexes/Ice                    5
   f - Yara's Violent Unravelling     Hexes/Transmutation          5
Comestibles
 d - 11 chunks of flesh
 o - 29 royal jellies


   Skills:
 + Level 9.0 Fighting
 * Level 10.6 Dodging
 + Level 8.0 Stealth
 * Level 11.6 Unarmed Combat
 + Level 7.7 Spellcasting
 * Level 11.4 Transmutations
 + Level 8.1 Ice Magic
 + Level 4.5 Earth Magic
 + Level 7.9 Poison Magic


You had 2 spell levels left.
You knew the following spells:

 Your Spells              Type           Power        Failure   Level  Hunger
a - Beastly Appendage     Tmut           #####.       7%          1    None
b - Sticks to Snakes      Tmut           #####...     8%          2    None
c - Spider Form           Tmut/Pois      ####......   13%         3    ##.....
d - Ice Form              Ice/Tmut       #####...     22%         4    ####...
e - Petrify               Tmut/Erth      ####....     32%         4    ####...
f - Blade Hands           Tmut           #####.....   26%         5    #####..
g - Gell's Gravitas       Tloc           #.........   78%         3    ##.....


Dungeon Overview and Level Annotations

Branches:
Dungeon (1/1)

Altars:
Cheibriados
Dithmenos
Elyvilon
Fedhas
Gozag
Hepliaklqana
Kikubaaqudgha
Makhleb
Nemelex Xobeh
Okawaru
Qazlal
Ru
Sif Muna
Trog
Uskayaw
Vehumet
Wu Jian
Xom
Yredelemnul
Zin
The Shining One
Beogh
Jiyva
Lugonu

Annotations:
D exclusions: 16 doors and 4 more exclusions


Innate Abilities, Weirdness & Mutations

You can breathe waves of freezing cold.
You can buffet flying creatures when you breathe cold.
Your icy white scales are hard. (AC +7)
You cannot fit into any form of body armour.
Your flesh is cold resistant. (rC+)
You are cold-blooded and may be slowed by cold attacks.
You are agile. (Dex +2)
You can translocate small distances at will.
Your magical capacity is low. (-10% MP)


Message History

Unknown command.
You shred the redback!!!
You kill the redback!
The Council accepts your kill.
Your Fighting skill increases to level 9!
* * * LOW HITPOINT WARNING * * *
You feel very sick.
Unknown command.
Unknown command.
* * * LOW HITPOINT WARNING * * *
You feel very sick.
There is a lethal amount of poison in your body!
There is a lethal amount of poison in your body!
There is a lethal amount of poison in your body!
* * * LOW HITPOINT WARNING * * *
You feel very sick.
Your transformation is almost over.
* * * LOW HITPOINT WARNING * * *
You feel very sick.
You die...

#.....#...#__#...%##.#.#.##.#..##
##....#___#__+...#...#..#..##..'.
*▓▓▓▓▓▓▓▓▓▓▓▓▓▓▓▓▓▓▓▓▓▓▓▓▓▓▓▓▓▓#.
≈≈≈**,,,,,***♣≈≈≈........≈≈≈...#.
≈,≈**,≈≈≈≈+♣♣'♣≈≈≈≈≈≈≈≈≈≈≈≈♣♣..'.
,≈≈≈+,,,,,#.≈♣♣♣♣♣♣♣♣♣♣♣♣♣♣♣♣PP#.
≈,≈*******#.÷♣♣ ♣♣♣## ≈≈≈*
###'♣♣♣♣♣*************, ******
♣♣♣♣.##@†##≈≈≈≈≈≈,,*,,*, ,,,,,**
♣...##.##.#≈≈≈≈≈,,,*,,*, *****+*
♣♣.##.##.##+≈≈≈≈≈****+** ,,,,,,*
♣..#.##.,,*≈≈,,,,,,,,*, *********
♣♣.##.##,,*≈,,+*******, ,,,,,,,,*
♣♣.##.#****,,,*,,,,,,*, ,,,,,,,,*
♣.....#*,,,,,,****,_,*,
****+*****#######*+****** *****+
*,,,,,,,,,,,***,** *,


There were no monsters in sight!

Vanquished Creatures
  Erolcha (D)
  A lindwurm (D)
  A deep elf mage (D)
  2 spiny frogs (D)
  A komodo dragon (D)
  A queen bee (D)
  2 tyrant leeches (D)
  A shadow (D)
  5 redbacks (D)
  A spatial vortex (D)
  A necrophage (D)
  5 two-headed ogres (D)
  3 wandering mushrooms (D)
  A water elemental (D)
  32 killer bees (D)
  A jelly (D)
  A wizard (D)
  A necromancer (D)
  3 humans (D)
  A kobold demonologist (D)
  2 oozes (D)
  A phantom (D)
  2 rats (D)
70 creatures vanquished.

Vanquished Creatures (others)
  2 draconian scorchers (D)
  2 hydras (D)
  6 hellions (D)
  3 yaktaurs (D)
  A ballistomycete spore (D)
  A plant (D)
15 creatures vanquished.

Grand Total: 85 creatures vanquished

Notes
Turn   | Place    | Note
-------+----------+-------------------------------------------
     0 | D        | Kidiri the Draconian Transmuter began the quest for the Orb.
     0 | D        | Reached XP level 1. HP: 16/16 MP: 3/3
    39 | D        | Reached skill level 1 in Stealth
    39 | D        | Reached XP level 2. HP: 23/24 MP: 3/5
    57 | D        | Learned a level 2 spell: Sticks to Snakes
    64 | D        | Killed a yaktaur
    75 | D        | Killed a hellion
    78 | D        | Killed a hellion
   185 | D        | Killed a hellion
   186 | D        | Killed a hellion
   186 | D        | Killed a hellion
   189 | D        | Killed a hellion
   238 | D        | Killed a white draconian scorcher
   263 | D        | Killed a white draconian scorcher
   320 | D        | Reached XP level 3. HP: 11/30 MP: 3/6
   332 | D        | Learned a level 3 spell: Spider Form
   340 | D        | Gained mutation: You tend to lose your temper in combat. [potion of mutation]
   340 | D        | Gained mutation: You have sharp toenails. [potion of mutation]
   341 | D        | Lost mutation: You tend to lose your temper in combat. [potion of mutation]
   341 | D        | Lost mutation: You have sharp toenails. [potion of mutation]
   341 | D        | Gained mutation: You can translocate small distances at will. [potion of mutation]
   341 | D        | Gained mutation: Your magical capacity is low. (-10% MP) [potion of mutation]
   341 | D        | Gained mutation: You are agile. (Dex +2) [potion of mutation]
   534 | D        | Noticed a water elemental
   542 | D        | Killed a water elemental
   542 | D        | Reached skill level 1 in Poison Magic
   542 | D        | Reached XP level 4. HP: 38/38 MP: 1/7
   607 | D        | Found an ornate altar of the Wu Jian Council.
   607 | D        | Found a roughly hewn altar of Beogh.
   607 | D        | Found an iron altar of Okawaru.
   607 | D        | Found a bloodstained altar of Trog.
   607 | D        | Found a hide-covered altar of Uskayaw.
   607 | D        | Noticed a human
   607 | D        | Noticed a human
   610 | D        | Became a worshipper of the Wu Jian Council
   617 | D        | Killed a human
   617 | D        | Reached skill level 5 in Dodging
   617 | D        | Reached skill level 5 in Transmutations
   617 | D        | Reached XP level 5. HP: 13/46 MP: 4/9
   621 | D        | Killed a human
   621 | D        | Reached XP level 6. HP: 16/55 MP: 5/11
   862 | D        | Learned a level 4 spell: Ice Form
   889 | D        | Found a radiant altar of Vehumet.
   890 | D        | Found a deep blue altar of Sif Muna.
   890 | D        | Found an ancient bone altar of Kikubaaqudgha.
   895 | D        | Noticed a red devil
   897 | D        | Noticed a sixfirhy
   897 | D        | Reached * piety under Wu Jian
  1120 | D        | Found a glowing silver altar of Zin.
  1121 | D        | Found a glowing golden altar of the Shining One.
  1121 | D        | Found a white marble altar of Elyvilon.
  1121 | D        | Noticed a deep elf mage
  1126 | D        | Noticed a sun demon
  1126 | D        | Killed a deep elf mage
  1126 | D        | Reached skill level 5 in Fighting
  1126 | D        | Reached skill level 5 in Stealth
  1126 | D        | Reached skill level 5 in Spellcasting
  1126 | D        | Your scales start taking on an icy white colour.
  1126 | D        | Reached XP level 7. HP: 29/62 MP: 7/13
  1126 | D        | Gained mutation: Your flesh is cold resistant. (rC+) [White Draconian growth]
  1321 | D        | Learned a level 5 spell: Blade Hands
  1368 | D        | Found a basalt altar of Yredelemnul.
  1368 | D        | Found a shadowy altar of Dithmenos.
  1368 | D        | Found a sacrificial altar of Ru.
  1370 | D        | Reached ** piety under Wu Jian
  1385 | D        | Noticed a shadow
  1388 | D        | Killed a shadow
  1388 | D        | Reached skill level 5 in Poison Magic
  1388 | D        | Reached XP level 8. HP: 30/70 MP: 10/14
  1491 | D        | Killed a yaktaur
  1583 | D        | Found a blossoming altar of Fedhas.
  1583 | D        | Found a stormy altar of Qazlal.
  1583 | D        | Found a snail-covered altar of Cheibriados.
  1583 | D        | Found a burning altar of Makhleb.
  1583 | D        | Found a shimmering altar of Xom.
  1584 | D        | Found a hazy altar of Hepliaklqana.
  1584 | D        | Found an opulent altar of Gozag.
  1584 | D        | Found a sparkling altar of Nemelex Xobeh.
  1584 | D        | Found a corrupted altar of Lugonu.
  1584 | D        | Found a viscous altar of Jiyva.
  1591 | D        | Reached *** piety under Wu Jian
  1731 | D        | Noticed a two-headed ogre
  1736 | D        | Killed a two-headed ogre
  1746 | D        | Killed a yaktaur
  1822 | D        | Noticed a two-headed ogre
  1822 | D        | Noticed Erolcha
  1825 | D        | Killed Erolcha
  1825 | D        | Reached **** piety under Wu Jian
  1825 | D        | Reached skill level 5 in Ice Magic
  1825 | D        | Reached XP level 9. HP: 79/79 MP: 10/16
  1826 | D        | Killed a two-headed ogre
  1826 | D        | Reached skill level 10 in Unarmed Combat
  1992 | D        | Learned a level 4 spell: Petrify
  2003 | D        | Reached skill level 10 in Transmutations
  2148 | D        | Reached skill level 1 in Earth Magic
  2148 | D        | Noticed a queen bee
  2150 | D        | Reached ***** piety under Wu Jian
  2253 | D        | Killed a queen bee
  2589 | D        | Reached ****** piety under Wu Jian
  2636 | D        | Reached XP level 10. HP: 73/88 MP: 14/18
  3028 | D        | Killed a five-headed hydra
  3089 | D        | Killed a four-headed hydra
  3247 | D        | Reached skill level 10 in Dodging
  3276 | D        | Noticed a spiny frog
  3276 | D        | Noticed a spiny frog
  3277 | D        | Killed a spiny frog
  3277 | D        | Killed a spiny frog
  3401 | D        | Learned a level 3 spell: Gell's Gravitas
  3404 | D        | Noticed a lindwurm
  3408 | D        | Killed a lindwurm
  3455 | D        | HP: 3/91 [poisoned by a redback]
  3456 | D        | Succumbed to a redback's poison

Vault maps used:
D:        dungeon_sprint_mu

Skill      XL: |  1  2  3  4  5  6  7  8  9 10 |
---------------+-------------------------------+-----
Dodging        | 2 3 5 7 8 9 10 | 10.6
Stealth        | 1 2 3 4 5 6 7 8 |  8.0
Fighting       | 2 3 4 5 6 7 8 9 |  9.0
Unarmed Combat | 4 6 8 9 10 11 | 11.6
Transmutations | 3 4 5 6 7 8 9 10 11 | 11.4
Spellcasting   | 3 4 5 6 7 |  7.7
Poison Magic   | 1 2 3 4 5 6 7 |  7.9
Ice Magic      | 3 5 6 8 |  8.1
Earth Magic    | 2 4 |  4.5

Action                   |  1- 3 |  4- 6 |  7- 9 | 10-12 || total
-------------------------+-------+-------+-------+-------++-------
Melee: Unarmed           |    28 |    26 |    89 |    81 ||   224
       Kick              |     5 |       |       |       ||     5
       Headbutt          |     4 |       |       |       ||     4
       Tailslap          |     2 |       |     6 |     6 ||    14
       Punch             |       |       |     2 |     1 ||     3
Throw: Throwing net      |       |       |     5 |     1 ||     6
 Cast: Beastly Appendage |     4 |       |       |       ||     4
       Sticks to Snakes  |     5 |       |       |       ||     5
       Spider Form       |     1 |     2 |       |       ||     3
       Ice Form          |       |     1 |       |       ||     1
       Blade Hands       |       |       |    12 |     9 ||    21
       Petrify           |       |       |     3 |       ||     3
Invok: Serpent's Lash    |       |       |       |     1 ||     1
 Abil: Breathe Frost     |       |       |     1 |       ||     1
       End Transformatio |       |       |     1 |       ||     1
  Use: Scroll            |     4 |       |     2 |       ||     6
       Potion            |     2 |     2 |     4 |       ||     8
 Stab: Sleeping          |     2 |     1 |     6 |     2 ||    11
       Petrified         |       |       |     2 |       ||     2
       Petrifying        |       |       |     1 |       ||     1
  Eat: Bread ration      |       |     1 |       |       ||     1
       Chunk             |       |       |     2 |     1 ||     3
       Meat ration       |       |       |     1 |       ||     1
       Royal jelly       |       |       |       |     2 ||     2
Armor: Skin              |     5 |       |    25 |     3 ||    33
Dodge: Dodged            |    10 |    30 |   182 |    48 ||   270

Table legend:
 A = Spawn XP
 B = Non-spawn XP
 C = Spawn XP percentage of total XP
 D = Spawn monster count
 E = Non-spawn monster count
 F = Spawn count percentage of total count
 G = Total turns spent on level
                    A         B        C        D         E        F      G
               +---------+---------+-------+---------+---------+-------+---------
         Total |       0 |   10120 |   0.0 |       0 |      70 |   0.0 |  3456
               +---------+---------+-------+---------+---------+-------+---------
             D |       0 |   10120 |   0.0 |       0 |      70 |   0.0 |  3456
               +---------+---------+-------+---------+---------+-------+---------
